Map: Battle on the Boardwalk LE

Players

Xaos - Winner!

  • Race: Zerg Zerg
  • League: Diamond
  • Spawn Location: 11:00

A.I. 1 (Easy)

  • Race: Protoss Protoss
  • Spawn Location: 1:00

VOD

Have the link to the VOD?

Description

Time

  • Played on: Jan. 21, 2018, 9:58 p.m.
  • Length: 7:42
Show
View Real Time Build Order
Export as new Build Order

Xaos Zerg - Winner!

Build Orders: Hatch First 

Get SALT Encoding   

  12  0:10  Drone  
  13  0:14  Drone  
  14  0:22  Overlord  
  14  0:30  Extractor  
  14  0:32  Drone, Extractor  
  14  0:33  Drone  
  16  0:43  Drone  
  17  0:56  Drone  
  18  0:59  Hatchery  
  17  1:04  Drone  
  17  1:10  Extractor  
  17  1:20  Spawning Pool  
  17  1:21  Drone  
  17  1:26  Drone  
  18  1:36  Drone  
  19  1:51  Overlord  
  19  2:02  Drone  
  19  2:07  Queen  
  22  2:11  Queen  
  24  2:19  Hatchery  
  24  2:21  Zergling x2  
  24  2:24  Zergling x2  
  24  2:27  Zergling x2  
  26  2:36  Metabolic Boost  
  26  2:42  Overlord  
  26  2:46  Drone  
  27  2:51  Drone  
  27  2:52  Drone  
  27  2:56  Drone  
  27  2:58  Drone  
  31  3:01  Drone  
  31  3:04  Drone  
  33  3:08  Drone  
  34  3:14  Overlord  
  34  3:22  Queen  
  34  3:25  Drone  
  37  3:28  Overlord  
  37  3:35  Drone x2  
  37  3:36  Drone  
  37  3:37  Drone  
  41  3:56  Drone x9  
  50  4:05  Overlord  
  50  4:06  Overlord  
  50  4:12  Lair  
  50  4:15  Drone x3  
  50  4:16  Drone  
  54  4:20  Extractor  
  54  4:23  Extractor  
  54  4:24  Drone x4  
  54  4:26  Drone  
  54  4:27  Drone  
  58  4:39  Overlord  
  58  4:40  Drone x7  
  65  4:47  Extractor x2  
  65  4:49  Drone x2  
  65  4:50  Zergling x2  
  65  4:51  Zergling x6  
  69  5:02  Drone x2  
  69  5:03  Drone  
  69  5:04  Drone x3  
  69  5:06  Drone x2  
  77  5:08  Extractor  
  77  5:12  Overlord  
  77  5:13  Overlord x3, Hydralisk Den  
  73  5:46  Hydralisk  
  73  5:47  Hydralisk x14  
  73  5:49  Hydralisk  
  105  5:58  Muscular Augments  
  105  6:03  Drone x4  
  109  6:13  Infestation Pit  
  109  6:14  Hatchery  
  107  6:19  Evolution Chamber  
  107  6:22  Drone x2, Evolution Chamber  
  107  6:26  Zergling x2  
  107  6:27  Zergling x12  
  107  6:31  Overlord x2  
  107  6:32  Overlord x2  
  111  7:20  Drone x13  
Show
View Real Time Build Order
Export as new Build Order

A.I. 1 (Easy) Protoss 

Build Orders:  

Get SALT Encoding   

  12  0:00  Probe  
  13  0:13  Probe  
  14  0:19  Pylon  
  14  0:25  Probe  
  15  0:37  Probe  
  15  0:39  Gateway  
  16  0:45  Assimilator  
  16  0:54  Pylon  
  16  1:19  Assimilator  
  16  1:28  Cybernetics Core  
  16  1:33  Zealot  
  18  2:05  Adept  
  20  2:09  Pylon  
  20  2:11  Warp Gate  
  20  2:17  Probe  
  21  2:29  Probe  
  22  2:36  Stalker  
  24  2:41  Probe  
  25  2:53  Probe  
  26  3:05  Probe  
  27  3:08  Adept  
  29  3:17  Probe  
  30  3:39  Stalker  
  32  6:50  Stalker, Probe  
  32  6:51  Pylon  
  34  7:03  Probe  
  27  7:11  Robotics Facility  
  27  7:13  Zealot  
  22  7:15  Probe  
  22  7:17  Pylon  
Tags
 
Add a new tag
Caveats
  • Supply blocks, unpowered buildings, or Contaminate may cause inaccurate times.
  • Supply counts are checked every 10 seconds.